 Dungeon Crawl Stone Soup version 0.25.1-2-g60ff931df9 (webtiles) character file.

Game seed: 7646424945723852529

56 gbos the Poker (level 3, -4/29 HPs)
             Began as a Demonspawn Berserker on Nov 16, 2020.
             Was a Believer of Trog.
             Slain by a gnoll
             ... wielding a +0 spear
              (5 damage)
             ... on level 2 of the Dungeon.
             The game lasted 00:00:28 (1302 turns).

gbos the Poker (Demonspawn Berserker)               Turns: 1302, Time: 00:00:29

Health: -4/29      AC:  5    Str: 18    XL:     3   Next: 69%
Magic:  3/3        EV: 11    Int:  8    God:    Trog [**....]
Gold:   64         SH:  0    Dex: 12    Spells: 2/2 levels left

rFire    . . .     SeeInvis .   Y - +0 spear
rCold    . . .     Gourm    .   (no shield)
rNeg     . . .     Faith    .   d - +0 ring mail
rPois    .         Spirit   .   (no helmet)
rElec    .         Reflect  .   (no cloak)
rCorr    .         Harm     .   (no gloves)
MR       .....                  (no boots)
Stlth    +.........             (no amulet)
HPRegen  0.09/turn              (no ring)
MPRegen  0.08/turn              (no ring)

@: berserk cooldown, slowed, very slow
A: foul stench 1, rot immunity
a: Berserk, Trog's Hand, Renounce Religion


You were on level 2 of the Dungeon.
You worshipped Trog.
Trog was pleased with you.
You were very hungry.

You visited 1 branch of the dungeon, and saw 2 of its levels.

You collected 64 gold pieces.


Innate Abilities, Weirdness & Mutations

You may emit foul miasma when damaged in melee.
You are immune to rotting.


   Skills:
 - Level 3.0 Fighting
 + Level 4.3 Polearms
 - Level 1.7 Armour
 - Level 1.7 Dodging


You had 2 spell levels left.
You didn't know any spells.
Your spell library was empty.

Inventory:

Hand Weapons
 Y - a +0 spear (weapon)
Missiles
 j - 7 boomerangs (quivered)
Armour
 d - a +0 ring mail (worn)
Potions
 e - a potion of ambrosia {unknown}
 g - a potion of lignification {unknown}
 h - a potion of curing {unknown}
 k - a potion of haste {unknown}
Comestibles
 a - 5 chunks of flesh
 c - 4 rations

Dungeon Overview and Level Annotations

Branches:
Dungeon (2/15)

Altars:


Message History

You barely miss the gnoll.
The gnoll is moderately wounded.
The gnoll barely misses you.
You barely miss the gnoll.
The gnoll is moderately wounded.
The gnoll closely misses you.
You barely miss the gnoll.
The gnoll is moderately wounded.
You are no longer berserk.
You are exhausted.
You feel yourself slow down. The gnoll hits you but does no damage.
The gnoll barely misses you.
You closely miss the gnoll.
The gnoll is moderately wounded.
The gnoll hits you but does no damage.
The gnoll hits you from afar with a +0 halberd.
You hit the gnoll.
The gnoll is moderately wounded.
The gnoll hits you from afar with a +0 spear.
You die...

. .g....... .. #........
#.. ..........
#..#####......... #. .#
###................ .....
........#......... ..#.#
#..###..gg....... #.#.##
#......#......... #....#
#.....).@........
#....####............$...
#............#.<.#.......
..<...##....####.##...###
.#...####%#.####(....##
#.%.##..........#......
#......%#.......##..###
........##.......# ..#
.#.#.............. .#


You could see 2 gnolls.

Vanquished Creatures
  2 gnolls
  An adder (D:2)
  A leopard gecko (D:1)
  2 goblins
  4 hobgoblins (D:1)
  3 jackals (D:1)
  5 kobolds
  2 ball pythons (D:1)
  3 bats
  2 frilled lizards
  A rat (D:1)
26 creatures vanquished.

Notes
Turn   | Place    | Note
-------+----------+-------------------------------------------
     0 | D:1      | gbos the Demonspawn Berserker began the quest for the Orb.
     0 | D:1      | Reached XP level 1. HP: 18/18 MP: 1/1
     0 | D:1      | 0 ||| counter = 75
   227 | D:1      | Reached skill level 3 in Polearms
   282 | D:1      | 282 ||| INVOKING Berserk.
   286 | D:1      | HP: 6/27 [gnoll/+0 spear (9)]
   287 | D:1      | Gained mutation: You are immune to rotting. [demonic
                  | ancestry]
   287 | D:1      | Reached XP level 2. HP: 8/24 MP: 2/2
  1073 | D:1      | 1073 ||| UPGRADING to ring mail.
  1083 | D:1      | 1083 ||| DROPPING +0 animal skin.
  1084 | D:1      | 1084 ||| READING scroll labeled KONTUL BIOCECW.
  1087 | D:1      | 1087 ||| READING scroll labeled PIUCYLAPEA.
  1088 | D:1      | 1088 ||| READING scroll labeled SOUPSUSECK.
  1089 | D:1      | 1089 ||| READING scroll labeled GOEMAMA ETAUNK.
  1096 | D:2      | 1096 ||| STAIRDANCE
  1099 | D:1      | Gained mutation: You may emit foul miasma when damaged in
                  | melee. [demonic ancestry]
  1099 | D:1      | Reached XP level 3. HP: 29/29 MP: 3/3
  1102 | D:2      | 1102 ||| STAIRDANCE
  1196 | D:2      | Reached skill level 4 in Polearms
  1205 | D:2      | 1205 ||| Stepping ~*~*~tactically~*~*~ (outnumbered).
  1207 | D:2      | Reached ** piety under Trog
  1283 | D:2      | 1283 ||| INVOKING Berserk.
  1296 | D:2      | HP: 6/43 [gnoll/+0 halberd (7)]
  1301 | D:2      | HP: 1/29 [gnoll/+0 halberd (3)]
  1302 | D:2      | Slain by a gnoll

Levels and vault maps discovered:
D:1:      nzn_arrival_depleted_hourglass, layout_rooms
D:2:      layout_rooms, lemuel_doored_altar, first_ration

Skill      XL: |  1  2  3 |
---------------+----------+-----
Polearms       | 3 4 |  4.3
Fighting       | |  3.0
Armour         | |  1.7
Dodging        | |  1.7

Action                   || total
-------------------------++-------
Melee: Spear             ||   132
Throw: Boomerang         ||    12
Invok: Berserk           ||     2
  Use: Scroll            ||     4
  Eat: Chunk             ||     2
Armor: Animal skin       ||     5
       Ring mail         ||    41
Dodge: Dodged            ||    89
